 Dungeon Crawl Stone Soup version 0.22-a0-848-ge9e22a0 (webtiles) character file.

129 Leszczynek the Cutter (level 4, 0/28 HPs)
             Began as a Deep Elf Monk on July 26, 2018.
             Slain by an orc (4 damage)
             ... on level 5 of the Dungeon.
             The game lasted 00:10:25 (1697 turns).

Leszczynek the Cutter (Deep Elf Monk)               Turns: 1697, Time: 00:10:25

Health: 0/28       AC:  2    Str:  8    XL:     4   Next: 88%
Magic:  6/6        EV: 13    Int: 16    God:
Gold:   176        SH:  4    Dex: 17    Spells: 2/3 levels left

rFire    . . .     SeeInvis .   a - +0 short sword
rCold    . . .     Gourm    .   h - +0 buckler
rNeg     . . .     Faith    .   f - +0 robe
rPois    .         Spirit   .   (no helmet)
rElec    .         Reflect  .   (no cloak)
rCorr    .         Harm     .   (no gloves)
MR       .....                  (no boots)
Stlth    ++........             (no amulet)
HPRegen  0.09/turn              o - ring of wizardry
MPRegen  0.10/turn              (no ring)

@: no status effects
A: no striking features
a: no special abilities


You were on level 5 of the Dungeon.
You were not hungry.

You visited 1 branch of the dungeon, and saw 5 of its levels.

You collected 176 gold pieces.

Inventory:

Hand Weapons
 a - a +0 short sword (weapon)
 b - a +0 hunting sling
Missiles
 j - 14 sling bullets
 n - 47 stones (quivered)
Armour
 c - a +0 ring mail
 f - a +0 robe (worn)
 h - a +0 buckler (worn)
Jewellery
 o - a ring of wizardry (left hand)
Scrolls
 e - 5 scrolls of remove curse {@r2}
 g - a scroll of amnesia
 i - a scroll of identify {@r1}
Comestibles
 d - 6 rations
 k - 2 chunks of flesh


   Skills:
 - Level 3.1 Fighting
 + Level 4.3 Short Blades
 - Level 3.6 Dodging
 - Level 2.4 Stealth
 * Level 1.1 Shields
 - Level 2.0 Necromancy


You had 2 spell levels left.
You knew the following spells:

 Your Spells              Type           Power        Failure   Level  Hunger
a - Animate Skeleton      Necr           N/A          6%          1    ##.....

Your spell library contained the following spells:

 Spells                   Type           Power        Failure   Level  Hunger
 Apportation              Tloc           #.....       16%         1    ##.....
 Summon Small Mammal      Summ           #...         16%         1    ##.....
 Confusing Touch          Hex            #.....       16%         1    ##.....


Dungeon Overview and Level Annotations

Branches:
Dungeon (4/15)
 Temple: D:4-7

Altars:
Ru

Annotations:
D:3 Grinder, Natasha
D:4 Blork the orc, Eustachio


Message History

You hear a shout! x2
The orc wizard gestures wildly while chanting.
The orc wizard blinks!
Unknown command.
You hit the orc wizard but do no damage.
The orc wizard is heavily wounded.
The orc wizard mumbles some strange words.
The orc wizard blinks!
An orc comes into view.
You hit the orc but do no damage. The orc hits you.
* * * LOW HITPOINT WARNING * * *
You closely miss the orc. The orc barely misses you.
Unknown command.
You hit the orc.
The orc is lightly wounded.
The orc hits you.
* * * LOW HITPOINT WARNING * * *
Unknown command.
The orc hits you.
You die...

#.#.. .#.. ...
#.. #.. #..#####
#...o..#
#..@##.#
#....o#o#
#......Y........
##.......###..#.
#.......# #
#.#.#...#
#.<......
#.........
#..Y.....


You could see an ice beast and 2 orcs.

Vanquished Creatures
  A howler monkey (D:4)
  Natasha (D:3)
  2 adders
  An ooze (D:1)
  A dart slug (D:1)
  A leopard gecko (D:3)
  An orc (D:3)
  2 giant cockroaches
  11 goblins
  4 hobgoblins
  3 jackals (D:1)
  2 kobolds (D:2)
  A frilled lizard (D:1)
  5 rats
36 creatures vanquished.

Vanquished Creatures (collateral kills)
  5 goblins (D:3)
5 creatures vanquished.

Grand Total: 41 creatures vanquished

Notes
Turn   | Place    | Note
-------+----------+-------------------------------------------
     0 | D:1      | Leszczynek the Deep Elf Monk began the quest for the Orb.
     0 | D:1      | Reached XP level 1. HP: 13/13 MP: 3/3
   103 | D:1      | Reached XP level 2. HP: 13/18 MP: 4/4
   242 | D:1      | Reached skill level 4 in Short Blades
   367 | D:3      | Learned a level 1 spell: Animate Skeleton
   520 | D:3      | Noticed Grinder
   622 | D:2      | Reached skill level 1 in Necromancy
   622 | D:2      | Reached XP level 3. HP: 19/22 MP: 5/5
   825 | D:3      | Reached skill level 2 in Necromancy
   885 | D:3      | Noticed Natasha
   938 | D:3      | HP: 3/22 [hobgoblin (4)]
  1144 | D:4      | Noticed Blork the orc
  1283 | D:3      | Killed Natasha
  1283 | D:3      | Reached skill level 3 in Fighting
  1283 | D:3      | Reached XP level 4. HP: 26/28 MP: 6/6
  1323 | D:3      | Noticed Natasha
  1423 | D:3      | okay, so i HAVE to fight grinder
  1425 | D:3      | or blork
  1425 | D:3      | and blork is easier afaik
  1506 | D:4      | Noticed Eustachio
  1544 | D:4      | Found a sacrificial altar of Ru.
  1591 | D:4      | Reached skill level 1 in Shields
  1619 | D:4      | You fall through a shaft!
  1619 | D:5      | Entered Level 5 of the Dungeon
  1619 | D:5      | Noticed an ice beast
  1695 | D:5      | HP: 4/28 [orc (2)]
  1697 | D:5      | Slain by an orc

Vault maps used:
D:1:      scummos_arrival_simple_crosswalls
D:2:      uniq_sigmund
D:3:      cheibrodos_greedy_goblins, first_ration, uniq_grinder, uniq_natasha,
          uniq_terence
D:4:      lemuel_doored_altar, minitemple, uniq_blork_the_orc, uniq_eustachio
D:5:      eat_drink_and_be_merry_uskayaw, mrwooster_statue_mirror

Skill      XL: |  1  2  3  4 |
---------------+-------------+-----
Short Blades   | 4 |  4.3
Necromancy     | 1 2 |  2.0
Fighting       | 3 |  3.1
Shields        | 1 |  1.1
Dodging        | |  3.6
Stealth        | |  2.4

Action                   |  1- 3 |  4- 6 || total
-------------------------+-------+-------++-------
Melee: Short sword       |   140 |    21 ||   161
 Fire: Hunting sling     |       |     2 ||     2
Throw: Stone             |     3 |       ||     3
 Cast: Animate Skeleton  |     7 |     1 ||     8
  Use: Potion            |     4 |       ||     4
       Scroll            |     3 |     1 ||     4
 Stab: Sleeping          |     4 |       ||     4
  Eat: Chunk             |     2 |     1 ||     3
Armor: Robe              |    13 |     1 ||    14
Dodge: Dodged            |    86 |     8 ||    94
Block: Buckler           |       |     3 ||     3

Table legend:
 A = Spawn XP
 B = Non-spawn XP
 C = Spawn XP percentage of total XP
 D = Spawn monster count
 E = Non-spawn monster count
 F = Spawn count percentage of total count
 G = Total turns spent on level
                    A         B        C        D         E        F      G
               +---------+---------+-------+---------+---------+-------+---------
         Total |       0 |     185 |   0.0 |       0 |      41 |   0.0 |  1697
               +---------+---------+-------+---------+---------+-------+---------
           D:1 |       0 |      31 |   0.0 |       0 |      14 |   0.0 |   298
           D:2 |       0 |      23 |   0.0 |       0 |       7 |   0.0 |   337
           D:3 |       0 |      77 |   0.0 |       0 |      19 |   0.0 |   811
           D:4 |       0 |      54 |   0.0 |       0 |       1 |   0.0 |   173
               +---------+---------+-------+---------+---------+-------+---------
